 Dungeon Crawl Stone Soup version 0.18.1-48-g4cf74bf (webtiles) character file.

641 georgeearnest the Shield-Bearer (level 7, -6/61 HPs)
             Began as a Hill Orc Fighter on Sept 3, 2016.
             Mangled by an ogre
             ... wielding a +0 giant club
              (26 damage)
             ... on level 4 of the Dungeon.
             The game lasted 00:04:25 (4080 turns).

georgeearnest the Shield-Bearer (Hill Orc Fighter)  Turns: 4080, Time: 00:04:25

Health: -6/61      AC:  7    Str: 21    XL:     7   Next: 51%
Magic:  7/7        EV:  9    Int:  8    God:
Gold:   228        SH: 10    Dex: 10    Spells: 0 memorised, 6 levels left

rFire  . . .     SeeInvis .     a - +0 war axe
rCold  . . .     Gourm    .     b - +0 scale mail
rNeg   . . .     Faith    .     c - +0 shield
rPois  .         Spirit   .     (no helmet)
rElec  .         Dismiss  .     (no cloak)
rCorr  .         Reflect  .     (no gloves)
SustAt .         Harm     .     (no boots)
MR     .....                    (no amulet)
Stlth  ..........               (no ring)
                                (no ring)

@: lethally poisoned (-6 -> -8), not resistant to hostile enchantments,
extremely unstealthy
A: no striking features
a: no special abilities


You were on level 4 of the Dungeon.
You were not hungry.

You visited 1 branch of the dungeon, and saw 4 of its levels.

You collected 228 gold pieces.

Inventory:

Hand Weapons
 a - a +0 war axe (weapon)
 q - a cursed -1 hand axe
Armour
 b - a +0 scale mail (worn)
 c - a +0 shield (worn)
Jewellery
 d - an uncursed amulet of regeneration {unknown}
 l - an uncursed amulet of guardian spirit {unknown}
 m - an uncursed ring of stealth {unknown}
 o - a cursed amulet of inaccuracy {unknown}
Scrolls
 j - a scroll of noise {unknown}
 k - 2 scrolls of amnesia {unknown}
 n - 3 scrolls of remove curse {unknown}
 p - 2 scrolls of identify {unknown}
 r - a scroll of enchant armour {unknown}
Potions
 i - a potion of ambrosia
Books
 s - the Catalogue of Dusty Flight
   (You found it on level 4 of the Dungeon)

   Spells                             Type                      Level
   a - Shock                          Conjuration/Air              1
   b - Petrify                        Transmutation/Earth          4
   c - Conjure Ball Lightning         Conjuration/Air              6
Comestibles
 g - 2 beef jerkies


   Skills:
 + Level 5.2 Fighting
 + Level 5.0 Axes
 + Level 5.1 Armour
 + Level 2.7 Dodging
 + Level 5.3 Shields


You had 6 spell levels left.
You didn't know any spells.

Dungeon Overview and Level Annotations

Branches:
Dungeon (4/15)
 Temple: D:4-7

Altars:
Dithmenos
Okawaru
Pakellas
Xom


Message History

You slash the giant cockroach!
You kill the giant cockroach!
Your shield and scale mail prevent you from hitting the worker ant.
The worker ant is severely wounded.
The worker ant bites you but does no damage.
The adder bites you but does no damage. The worker ant barely misses you.
Your shield prevents you from hitting the worker ant.
The worker ant is severely wounded.
You barely miss the adder. The adder bites you but does no damage.
The worker ant closely misses you. You block the adder's attack.
You hit the worker ant.
You kill the worker ant!
Your Axes skill increases to level 5!
You slash the adder!
The adder is severely wounded.
The adder bites you.
You are poisoned.
The adder poisons you! You block the adder's attack.
The ogre hits you with a giant club!!
You die...

#.## #.... #..# ##.... ##.##
#..... #..# #..... #.(# #.....
##.## ##.... #..# ##...
###..## ##... ######....@##
####.... ##.........OS###
##....### #........###...##
##.....###
###.........####..###........#
####...........#
##..#.........#
#......####....#
##...........# .....### ######
##........... ....##
#............ .....# ######
#............


You could see an ogre and an adder.

Vanquished Creatures
  The ghost of Nadrilmar the Conjurer, an amateur DECj (D:3)
  An ogre (D:4)
  A phantom (D:4)
  A big kobold (D:4)
  A gnoll shaman (D:4)
  A hound (D:4)
  2 worker ants (D:4)
  5 gnolls
  6 adders
  2 oozes
  3 worms
  2 dart slugs (D:2)
  4 giant geckos
  12 orcs
  4 giant cockroaches
  6 goblins
  6 hobgoblins
  2 ball pythons
  3 bats
  A giant gecko skeleton (D:4)
  3 giant newts
  A jackal skeleton (D:4)
  11 kobolds
  4 rats
83 creatures vanquished.

Notes
Turn   | Place    | Note
--------------------------------------------------------------
     0 | D:1      | georgeearnest the Hill Orc Fighter began the quest for the Orb.
     0 | D:1      | Reached XP level 1. HP: 19/19 MP: 1/1
   147 | D:1      | Reached XP level 2. HP: 14/27 MP: 2/2
   582 | D:2      | Reached XP level 3. HP: 33/33 MP: 3/3
   767 | D:2      | Found an oddly glowing altar of Pakellas.
   880 | D:2      | Reached XP level 4. HP: 23/40 MP: 4/4
  1257 | D:2      | Reached skill level 1 in Dodging
  1336 | D:2      | Found an iron altar of Okawaru.
  2123 | D:3      | Noticed Nadrilmar's ghost (amateur DECj)
  2135 | D:3      | Killed Nadrilmar's ghost
  2135 | D:3      | Reached XP level 5. HP: 35/47 MP: 5/5
  2151 | D:3      | Reached XP level 6. HP: 28/55 MP: 6/6
  2760 | D:4      | Noticed a phantom
  2793 | D:4      | Killed a phantom
  2793 | D:4      | Reached skill level 5 in Fighting
  3131 | D:4      | Found a shadowy altar of Dithmenos.
  3139 | D:4      | Found a shimmering altar of Xom.
  3165 | D:4      | Reached skill level 5 in Shields
  3169 | D:4      | Reached XP level 7. HP: 7/61 MP: 7/7
  3711 | D:4      | Reached skill level 5 in Armour
  3906 | D:4      | Identified the Catalogue of Dusty Flight
  4080 | D:4      | Reached skill level 5 in Axes
  4080 | D:4      | Mangled by an ogre

Skill      XL: |  1  2  3  4  5  6  7 |
---------------+----------------------+-----
Fighting       | 4 5 |  5.2
Axes           | 3 4 5 |  5.0
Shields        | 4 5 |  5.3
Dodging        | 1 2 |  2.7
Armour         | 4 5 |  5.1

Action                   |  1- 3 |  4- 6 |  7- 9 || total
-------------------------+-------+-------+-------++-------
Melee: War axe           |    80 |   153 |    40 ||   273
  Use: Potion            |       |     1 |     2 ||     3
       Scroll            |       |       |     1 ||     1
  Eat: Meat ration       |       |     1 |       ||     1
       Bread ration      |       |     1 |     1 ||     2
Armor: Scale mail        |    38 |    58 |    20 ||   116
Dodge: Dodged            |    24 |    54 |    28 ||   106
Block: Shield            |    37 |    88 |    44 ||   169
